Map: Línea Aguablanca EE

Players

MrFercho

  • Race: Zerg Zerg
  • League: Gold
  • Spawn Location: 1:00

TATORREA

  • Race: Protoss Protoss
  • League: Gold
  • Spawn Location: 1:00

tigro

  • Race: Terran Terran
  • League: Bronze
  • Spawn Location: 12:00

Paganini - Winner!

  • Race: Protoss Protoss
  • Spawn Location: 6:00

TheEvaulator - Winner!

  • Race: Terran Terran
  • League: Silver
  • Spawn Location: 7:00

cbacon - Winner!

  • Race: Zerg Zerg
  • League: Platinum
  • Spawn Location: 7:00

VOD

Have the link to the VOD?

Description

Time

  • Played on: Aug. 11, 2020, 9:55 p.m.
  • Length: 14:21
Show
View Real Time Build Order
Export as new Build Order

MrFercho Zerg 

Build Orders: Hatch First 

Get SALT Encoding   

  12  0:03  Drone  
  13  0:17  Overlord  
  13  0:18  Drone  
  14  0:35  Drone x2  
  16  0:57  Drone x2  
  16  1:03  Hatchery, Drone  
  18  1:13  Extractor  
  17  1:19  Spawning Pool  
  17  1:23  Drone  
  17  1:27  Drone  
  18  1:33  Drone  
  19  1:57  Drone x2  
  21  2:05  Drone  
  22  2:16  Queen x2  
  22  2:19  Zergling x2  
  22  2:20  Zergling x2  
  28  2:26  Overlord  
  28  2:27  Overlord  
  28  2:58  Drone x4  
  32  3:01  Lair  
  32  3:05  Drone  
  32  3:06  Drone  
  32  3:11  Queen  
  38  3:12  Drone x2  
  38  3:20  Drone  
  39  3:28  Drone  
  39  3:29  Hatchery  
  39  3:31  Drone  
  40  3:35  Overlord  
  40  3:51  Roach Warren  
  40  3:52  Drone x3  
  40  3:53  Evolution Chamber  
  41  4:02  Drone x4  
  45  4:14  Drone  
  45  4:15  Drone x5  
  51  4:17  Extractor  
  51  4:19  Extractor  
  51  4:20  Zerg Missile Weapons Level 1  
  49  4:45  Glial Reconstitution  
  49  4:48  Overlord x3  
  49  4:50  Roach x2  
  49  4:51  Roach x2  
  57  5:03  Drone  
  58  5:13  Drone x7  
  65  5:20  Drone  
  66  5:33  Roach x5  
  76  5:36  Overlord x2  
  76  5:59  Spore Crawler  
  76  6:01  Drone  
  76  6:04  Drone x2  
  76  6:05  Drone x6  
  84  6:15  Zerg Missile Weapons Level 2  
  84  6:24  Evolution Chamber  
  83  6:29  Hatchery  
  83  6:31  Overlord x2  
  83  6:32  Overlord x3  
  82  6:39  Hatchery  
  81  6:40  Roach  
  81  6:41  Roach x6  
  95  6:52  Zerg Ground Armor Level 1  
  95  6:59  Roach x10  
  115  7:06  Extractor  
  115  7:07  Extractor  
  113  7:15  Drone  
  114  7:16  Hydralisk Den  
  113  7:28  Drone  
  113  7:29  Drone x2  
  116  7:30  Drone x3  
  116  7:35  Drone x6  
  125  7:42  Zergling x4  
  127  7:46  Grooved Spines  
  127  7:58  Infestation Pit  
  126  7:59  Spire  
  126  8:00  Spire  
  126  8:01  Extractor  
  126  8:02  Drone x3  
  126  8:03  Drone  
  127  8:14  Roach x4  
  127  8:15  Roach x3  
  127  8:16  Roach  
  127  8:17  Overlord  
  127  8:18  Overlord x2  
  143  8:20  Overlord  
  143  8:22  Roach x3  
  149  8:34  Hive  
  149  8:43  Roach x6  
  149  8:45  Roach  
  163  8:52  Extractor, Queen  
  163  8:53  Extractor  
  163  8:54  Queen  
  163  8:55  Overlord x4  
  165  8:57  Muscular Augments  
  165  9:00  Pneumatized Carapace  
  165  9:03  Burrow  
  165  9:12  Zerg Ground Armor Level 2  
  165  9:19  Drone x3  
  165  9:23  Drone  
  165  9:24  Drone x12  
  179  9:25  Drone  
  179  9:26  Drone x4  
  179  9:27  Queen  
  179  9:29  Queen  
  190  9:46  Lurker Den  
  190  9:47  Greater Spire  
  190  9:50  Zerg Flyer Weapons Level 1  
  189  10:01  Spore Crawler  
  189  10:05  Roach x6  
  189  10:06  Ultralisk Cavern  
  186  10:49  Extractor, Hatchery  
  168  10:52  Extractor  
  141  11:08  Zerg Flyer Armor Level 1  
  105  11:13  Corruptor  
  105  11:14  Corruptor x15  
  134  11:32  Spore Crawler  
  123  11:36  Spine Crawler  
  123  11:39  Spine Crawler  
  121  11:48  Corruptor x3  
  121  11:49  Corruptor x5  
  121  11:51  Hydralisk x2  
  141  11:56  Metabolic Boost  
  141  12:07  Queen  
  143  12:21  Corruptor  
  111  12:49  Hydralisk  
  111  12:50  Hydralisk x13  
  117  12:51  Hydralisk  
  110  13:05  Hydralisk  
  106  13:06  Hydralisk x4  
  116  13:21  Hydralisk  
  116  13:22  Hydralisk x6  
  116  13:24  Zergling x30  
  116  13:25  Zergling x20  
Show
View Real Time Build Order
Export as new Build Order

TATORREA Protoss 

Build Orders: Carriers 

Get SALT Encoding   

  12  0:03  Probe  
  13  0:15  Probe  
  14  0:27  Probe  
  14  0:28  Pylon  
  15  0:46  Probe  
  16  0:53  Gateway  
  16  0:54  Gateway  
  16  0:58  Probe  
  17  1:10  Probe  
  18  1:11  Assimilator  
  18  1:22  Pylon, Probe  
  19  1:28  Assimilator  
  18  1:34  Probe  
  19  1:46  Probe (Chrono Boost), Cybernetics Core  
  20  1:58  Probe (Chrono Boost)  
  20  2:00  Pylon  
  21  2:04  Probe (Chrono Boost)  
  22  2:14  Probe  
  23  2:40  Warp Gate  
  23  2:43  Nexus  
  23  2:46  Adept (Chrono Boost)  
  23  2:48  Adept (Chrono Boost)  
  27  2:55  Stargate  
  27  2:59  Probe  
  28  3:11  Probe  
  29  3:23  Probe  
  30  3:35  Probe  
  30  3:41  Robotics Facility  
  31  3:44  Stargate  
  31  3:46  Gateway  
  31  3:47  Probe  
  32  3:49  Gateway  
  32  3:59  Probe  
  29  4:27  Probe x2  
  31  4:33  Pylon  
  31  4:37  Pylon  
  31  4:39  Assimilator, Probe x2  
  31  4:43  Assimilator  
  33  4:51  Probe x2  
  35  5:00  Fleet Beacon  
  35  5:03  Probe (Chrono Boost)  
  35  5:04  Probe (Chrono Boost)  
  37  5:12  Probe x2 (Chrono Boost)  
  39  5:17  Probe x2 (Chrono Boost)  
  41  5:29  Probe x2  
  41  5:34  Protoss Air Weapons Level 1 (Chrono Boost)  
  43  5:38  Pylon  
  43  5:41  Pylon, Probe  
  43  5:42  Probe  
  45  5:44  Pylon  
  45  5:46  Carrier  
  57  5:50  Carrier  
  57  6:16  Nexus  
  57  6:18  Pylon  
  57  6:21  Pylon  
  57  6:41  Probe  
  57  6:42  Probe  
  59  6:50  Carrier  
  59  6:54  Carrier  
  71  6:58  Probe x2  
  73  7:01  Gateway  
  73  7:06  Gateway  
  73  7:10  Probe x2  
  75  7:26  Probe  
  75  7:28  Probe  
  77  7:31  Probe  
  78  7:38  Probe  
  78  7:40  Probe  
  78  7:43  Probe  
  81  7:50  Probe  
  82  7:52  Probe  
  82  7:53  Protoss Air Weapons Level 2 (Chrono Boost)  
  82  7:54  Carrier  
  82  7:55  Probe  
  82  7:58  Carrier  
  96  8:02  Probe  
  96  8:04  Probe  
  98  8:07  Probe  
  99  8:16  Probe  
  99  8:17  Probe  
  102  8:20  Probe  
  102  8:23  Assimilator  
  102  8:24  Assimilator  
  102  8:34  Nexus  
  102  8:37  Pylon  
  102  8:41  Pylon  
  102  8:43  Probe x3  
  105  8:59  Carrier  
  105  9:02  Carrier  
  117  9:09  Twilight Council  
  117  9:23  Forge  
  117  9:25  Forge  
  117  9:27  Forge, Cybernetics Core  
  117  9:29  Probe x3  
  120  9:36  Pylon  
  120  9:39  Pylon  
  120  9:41  Probe x3  
  120  9:44  Pylon  
  123  9:50  Probe  
  123  9:51  Protoss Ground Armor Level 1, Protoss Ground Weapons Level 1, Protoss Shields Level 1  
  124  9:53  Probe x3  
  127  10:03  Carrier  
  127  10:06  Carrier  
  139  10:09  Protoss Air Weapons Level 3 (Chrono Boost)  
  139  10:14  Protoss Air Armor Level 1 (Chrono Boost)  
  139  10:21  Assimilator  
  139  10:27  Probe  
  139  10:28  Assimilator  
  98  11:07  Carrier  
  98  11:08  Stalker x2  
  98  11:09  Stalker x4  
  98  11:11  Carrier  
  116  11:39  Gateway  
  116  11:42  Gateway x2  
  116  11:46  Gateway  
  116  11:47  Gateway  
  116  11:50  Gateway  
  116  11:51  Gateway  
  116  11:52  Gateway  
  116  11:55  Gateway  
  116  11:57  Gateway  
  116  12:05  Stalker x5  
  116  12:06  Stalker  
  128  12:08  Gateway, Tempest (Chrono Boost)  
  128  12:09  Gateway  
  128  12:12  Tempest (Chrono Boost)  
  115  12:31  Stalker x3  
  115  12:32  Stalker x2  
  115  12:33  Stalker  
  126  12:44  Tempest  
  126  12:47  Tempest  
  126  12:48  Stalker  
  126  12:49  Stalker x3  
  126  12:50  Stalker x2  
  116  13:08  Stalker  
  116  13:09  Stalker x4  
  116  13:10  Stalker  
  116  13:11  Stalker  
  92  13:12  Zealot  
  92  13:13  Zealot x5  
  92  13:14  Zealot x2  
  57  13:27  Tempest  
  57  13:30  Tempest  
Show
View Real Time Build Order
Export as new Build Order

tigro Terran 

Build Orders:  

Get SALT Encoding   

  12  0:13  SCV  
  13  0:21  Supply Depot  
  13  0:25  SCV  
  14  0:37  SCV  
  15  0:44  Supply Depot  
  15  0:49  SCV  
  16  0:55  Barracks  
  16  1:01  SCV  
  16  1:04  Refinery  
  17  1:13  SCV  
  18  1:27  Refinery  
  18  1:28  SCV  
  19  1:40  SCV  
  19  1:46  Marine  
  21  1:52  SCV  
  22  2:04  Marine, SCV  
  24  2:15  Factory  
  24  2:18  SCV  
  24  2:21  Marine  
  26  2:38  Orbital Command  
  26  2:39  Marine  
  27  2:47  Engineering Bay  
  27  2:57  Marine  
  28  3:03  Factory Tech Lab  
  28  3:22  Barracks Tech Lab  
  28  3:24  Command Center  
  28  3:27  Siege Tank  
  28  3:30  Terran Infantry Weapons Level 1  
  31  3:45  Missile Turret  
  31  3:59  Siege Tank  
  34  4:06  Missile Turret  
  34  4:08  Combat Shield  
  34  4:30  Missile Turret  
  34  4:38  Refinery  
  34  5:11  Missile Turret  
  34  5:25  Terran Infantry Armor Level 1  
  34  5:26  SCV  
  34  5:27  Stimpack  
  35  5:31  Missile Turret  
  35  5:33  Marine  
  36  5:38  SCV  
  36  5:41  Starport  
  37  5:50  SCV  
  37  5:51  Marine  
  39  6:01  Missile Turret  
  39  6:02  SCV, Refinery  
  40  6:07  Siege Tank  
  40  6:08  Marine  
  44  6:15  SCV  
  45  6:26  Marine  
  45  6:27  SCV  
  45  6:31  Medivac  
  49  6:39  Siege Tank, SCV  
  53  6:44  Marine  
  54  6:51  SCV  
  55  6:59  Armory  
  55  7:02  Marine  
  55  7:03  SCV  
  57  7:19  Widow Mine, Neosteel Armor  
  57  7:20  Marine  
  60  7:28  Starport Tech Lab  
  60  7:37  Marine  
  61  7:47  Fusion Core  
  61  7:53  SCV  
  61  7:55  Supply Depot  
  62  8:02  Drilling Claws  
  62  8:16  Marine  
  62  8:17  Terran Vehicle Weapons Level 1, Widow Mine, SCV  
  62  8:18  Supply Depot  
  66  8:29  SCV  
  67  8:34  Marine  
  67  8:38  Widow Mine  
  67  8:40  Supply Depot  
  71  8:41  SCV  
  71  8:53  SCV  
  72  8:59  Hi-Sec Auto Tracking  
  72  9:00  Widow Mine  
  72  9:02  Battlecruiser  
  80  9:04  Weapon Refit  
  80  9:21  Smart Servos, Widow Mine  
  82  10:01  Missile Turret  
  82  10:12  Terran Vehicle And Ship Armor Level 1  
  82  10:16  Battlecruiser  
  88  10:23  Missile Turret  
  88  10:25  Command Center  
  88  10:40  Mag-Field Accelerator  
  78  10:44  Rapid Reignition System, Missile Turret  
  60  11:01  Marine  
  61  11:08  Missile Turret  
  61  11:17  Thor  
  67  11:19  Marine  
  67  11:20  Medivac  
  70  11:30  Missile Turret  
  70  11:37  Marine  
  65  11:49  Planetary Fortress  
  65  11:54  Marine  
  65  11:59  Refinery  
  65  12:00  Thor  
  72  12:04  Refinery  
  72  12:06  Terran Ship Weapons Level 1  
  72  12:12  Marine  
  73  12:19  Infernal Pre-Igniter  
  73  12:30  Marine  
  74  12:43  Thor  
  68  12:54  Marine  
  68  12:56  Battlecruiser  
  75  13:11  Marine  
  75  13:25  Thor  
  72  13:29  Marine  
  63  13:47  Marine  
  51  14:09  Missile Turret  
Show
View Real Time Build Order
Export as new Build Order

Paganini Protoss - Winner!

Build Orders: Carriers 

Get SALT Encoding   

  12  0:12  Pylon  
  12  0:13  Probe (Chrono Boost)  
  13  0:22  Probe (Chrono Boost)  
  13  0:26  Assimilator  
  13  0:27  Probe (Chrono Boost)  
  15  0:42  Gateway  
  15  0:45  Probe  
  16  0:57  Probe (Chrono Boost)  
  17  1:05  Assimilator  
  17  1:09  Probe (Chrono Boost)  
  18  1:17  Probe (Chrono Boost)  
  19  1:34  Probe  
  20  1:46  Probe  
  21  1:48  Nexus  
  21  1:56  Zealot  
  23  2:01  Pylon  
  23  2:17  Cybernetics Core  
  23  2:20  Probe  
  24  2:35  Probe  
  25  2:45  Forge  
  25  2:51  Pylon  
  25  2:52  Pylon  
  25  2:57  Probe  
  26  3:05  Probe  
  27  3:09  Probe  
  28  3:17  Probe  
  29  3:24  Protoss Air Weapons Level 1 (Chrono Boost)  
  29  3:26  Photon Cannon  
  29  3:31  Photon Cannon  
  30  3:34  Probe x2  
  31  3:44  Stargate  
  31  3:48  Pylon, Probe  
  31  3:49  Probe  
  33  4:01  Probe x2  
  35  4:30  Assimilator  
  35  4:31  Assimilator, Probe x2  
  37  4:35  Void Ray  
  37  4:37  Protoss Shields Level 1 (Chrono Boost)  
  41  4:46  Probe x2  
  43  4:58  Probe  
  43  4:59  Probe  
  45  5:07  Photon Cannon  
  45  5:14  Photon Cannon  
  45  5:17  Photon Cannon, Probe x2  
  47  5:23  Void Ray  
  47  5:27  Protoss Air Armor Level 1 (Chrono Boost)  
  51  5:29  Probe x2  
  53  5:41  Probe  
  54  6:05  Pylon  
  54  6:06  Pylon, Nexus  
  54  6:11  Void Ray  
  54  6:12  Pylon  
  54  6:15  Pylon  
  54  6:17  Pylon  
  60  6:43  Fleet Beacon, Stargate  
  58  6:48  Pylon, Stargate  
  58  6:56  Stargate  
  58  6:57  Void Ray  
  58  7:00  Stargate  
  62  7:04  Probe x2  
  64  7:24  Probe x2  
  64  7:25  Probe  
  67  7:36  Probe x2  
  70  7:37  Photon Cannon, Probe  
  70  7:38  Photon Cannon  
  70  7:39  Shield Battery  
  70  7:42  Shield Battery  
  70  7:46  Assimilator, Carrier  
  70  7:48  Probe x2  
  70  7:49  Probe  
  70  7:50  Assimilator  
  79  8:03  Pylon  
  79  8:05  Pylon x2  
  79  8:12  Pylon  
  79  8:14  Pylon  
  79  8:16  Pylon  
  79  8:20  Pylon  
  79  8:24  Stargate  
  79  8:29  Carrier  
  79  8:31  Carrier  
  79  8:32  Probe x2  
  94  8:34  Probe  
  94  8:48  Probe x2  
  94  8:49  Probe  
  97  9:00  Probe  
  98  9:05  Carrier  
  98  9:06  Carrier  
  110  9:23  Pylon  
  110  9:25  Pylon  
  110  9:28  Pylon  
  110  9:44  Shield Battery  
  110  9:45  Shield Battery x2  
  110  9:58  Void Ray  
  110  9:59  Void Ray  
  114  10:00  Stargate  
  114  10:06  Nexus  
  114  10:07  Stargate x2  
  118  10:10  Pylon x2  
  118  10:11  Pylon  
  118  10:14  Carrier  
  124  10:22  Tempest  
  128  10:45  Protoss Air Weapons Level 2  
  126  11:03  Carrier x2  
  126  11:04  Carrier x2  
  146  11:56  Carrier  
  146  11:57  Carrier  
  158  12:05  Twilight Council  
  158  12:36  Carrier  
  158  12:37  Carrier  
  170  12:38  Carrier  
  158  13:09  Tempest x2  
  158  13:10  Tempest  
  173  13:37  Tempest x2  
Show
View Real Time Build Order
Export as new Build Order

TheEvaulator Terran - Winner!

Build Orders:  

Get SALT Encoding   

  12  0:01  SCV  
  13  0:20  Supply Depot  
  13  0:21  SCV  
  14  0:33  SCV  
  15  0:46  Barracks  
  15  0:52  SCV, Refinery  
  16  1:04  SCV  
  17  1:16  SCV  
  18  1:28  SCV  
  19  1:40  SCV  
  19  1:41  Command Center  
  20  1:52  SCV  
  21  2:04  SCV  
  22  2:16  SCV  
  22  2:26  Factory  
  22  2:28  Refinery  
  23  2:30  Orbital Command  
  22  2:42  Barracks Tech Lab  
  22  2:54  Orbital Command  
  22  3:00  Supply Depot  
  22  3:02  SCV  
  23  3:14  SCV  
  24  3:23  Supply Depot  
  24  3:26  Reaper  
  25  3:28  SCV x2  
  27  3:40  SCV x2  
  29  3:42  Engineering Bay  
  29  3:46  Factory Tech Lab  
  29  3:52  SCV x2  
  31  4:04  SCV x2  
  33  4:16  SCV x2  
  35  4:27  Siege Tank  
  38  4:31  Factory  
  38  4:32  SCV x2  
  40  4:39  Command Center  
  40  4:42  Refinery  
  40  4:44  SCV x2  
  40  4:45  Refinery  
  42  4:56  SCV x2  
  44  5:03  Siege Tank  
  47  5:08  SCV x2  
  47  5:09  Supply Depot  
  47  5:12  Supply Depot  
  47  5:14  Supply Depot  
  49  5:16  Factory Tech Lab  
  49  5:20  SCV x2  
  51  5:32  SCV x2  
  53  5:35  Missile Turret  
  53  5:39  Missile Turret  
  53  5:44  SCV  
  53  5:45  SCV  
  53  5:47  Armory  
  55  5:56  SCV  
  55  5:57  Supply Depot, SCV  
  57  5:58  Supply Depot, Siege Tank x2  
  63  6:04  Orbital Command  
  63  6:09  SCV x2  
  65  6:21  Armory, SCV x2  
  67  6:33  Thor, SCV x2  
  75  6:47  SCV  
  75  6:52  Hellion  
  78  6:58  Orbital Command  
  78  7:00  SCV  
  79  7:03  Supply Depot  
  79  7:05  Supply Depot, SCV  
  80  7:12  SCV  
  80  7:13  Thor  
  87  7:17  Terran Vehicle Weapons Level 1, SCV  
  87  7:18  Terran Vehicle And Ship Armor Level 1  
  87  7:19  Thor  
  94  7:24  SCV  
  94  7:27  Supply Depot  
  94  7:28  Supply Depot  
  94  7:29  SCV  
  96  7:35  SCV  
  96  7:36  SCV  
  98  7:42  SCV  
  99  7:47  SCV  
  99  7:48  SCV  
  101  7:57  SCV  
  102  7:59  Thor, SCV  
  102  8:00  SCV  
  110  8:09  SCV  
  111  8:19  Thor  
  117  8:20  SCV, Refinery  
  117  8:21  Missile Turret x2, SCV  
  117  8:22  SCV, Missile Turret x2  
  117  8:23  Refinery  
  120  8:33  SCV x2  
  120  8:34  SCV  
  123  8:41  Factory  
  123  8:44  Factory  
  123  8:46  Factory  
  123  8:50  Command Center  
  123  8:52  Thor  
  123  8:54  SCV x3  
  132  9:06  SCV x3  
  135  9:18  SCV x3  
  135  9:23  Terran Vehicle And Ship Armor Level 2, Terran Vehicle Weapons Level 2  
  138  9:27  Factory Tech Lab  
  138  9:30  SCV  
  139  9:32  Factory Tech Lab  
  139  9:34  Factory Tech Lab  
  139  10:00  Supply Depot  
  139  10:01  Thor x2  
  139  10:02  Supply Depot  
  139  10:03  Supply Depot  
  139  10:04  Supply Depot  
  139  10:05  Supply Depot  
  151  10:07  Supply Depot  
  151  10:08  Supply Depot  
  151  10:21  Thor x2  
  151  10:23  Thor  
  169  10:33  SCV  
  146  10:44  Thor x2  
  130  10:58  SCV x3  
  118  11:04  Thor x2  
  118  11:10  SCV x3  
  130  11:22  SCV x2  
  130  11:23  SCV  
  130  11:24  Thor  
  139  11:35  Command Center  
  138  11:44  Missile Turret  
  138  11:45  SCV  
  138  11:46  SCV x2  
  135  11:48  Thor x2  
  135  11:49  Thor  
  153  11:58  SCV x3  
  156  12:10  SCV x3  
  156  12:11  Thor  
  165  12:22  SCV  
  166  12:42  Thor x2  
  178  12:56  Planetary Fortress  
  178  13:01  Thor  
  184  13:16  SCV  
  184  13:17  SCV x2  
  184  13:19  Refinery  
  187  13:20  Refinery  
  187  13:21  Thor x2  
  199  13:29  SCV  
Show
View Real Time Build Order
Export as new Build Order

cbacon Zerg - Winner!

Build Orders: Hatch First, Roach Hydra 

Get SALT Encoding   

  12  0:00  Drone  
  13  0:16  Overlord  
  13  0:18  Drone  
  14  0:39  Drone x3  
  17  1:03  Drone  
  17  1:04  Drone  
  19  1:05  Extractor  
  19  1:07  Hatchery  
  17  1:15  Drone  
  18  1:23  Drone  
  19  1:37  Spawning Pool, Drone  
  19  1:46  Drone  
  20  1:56  Overlord  
  20  2:06  Drone  
  21  2:18  Drone  
  22  2:26  Queen  
  22  2:27  Queen  
  22  2:28  Drone x2  
  28  2:38  Drone  
  28  2:39  Roach Warren, Drone  
  28  2:42  Drone  
  30  2:51  Drone  
  31  2:53  Drone  
  32  2:59  Drone  
  32  3:05  Drone  
  34  3:12  Drone  
  35  3:17  Extractor, Drone  
  35  3:20  Extractor  
  34  3:27  Drone x2  
  34  3:30  Lair  
  34  3:33  Overlord  
  36  3:44  Overlord x2  
  36  3:50  Hatchery  
  35  4:01  Drone x6  
  41  4:17  Roach x3  
  41  4:18  Roach  
  49  4:25  Spine Crawler  
  49  4:29  Drone  
  49  4:30  Drone  
  50  4:33  Queen  
  50  4:34  Drone x2  
  54  4:39  Drone  
  54  4:40  Drone x2  
  54  4:42  Glial Reconstitution  
  57  4:48  Hydralisk Den, Drone  
  57  4:49  Drone  
  57  4:52  Queen  
  60  4:56  Overlord x2  
  60  5:04  Drone x2  
  60  5:05  Drone x2  
  64  5:16  Roach x4  
  72  5:28  Drone  
  72  5:29  Drone x6  
  72  5:30  Drone  
  72  5:33  Queen  
  82  5:37  Overlord x2  
  82  5:49  Overlord x3  
  82  5:56  Evolution Chamber  
  81  5:57  Drone x2  
  81  5:58  Evolution Chamber  
  82  6:05  Grooved Spines  
  82  6:07  Overlord, Drone x4  
  82  6:08  Overlord  
  82  6:09  Hydralisk  
  88  6:23  Overseer  
  88  6:34  Hatchery, Hydralisk  
  88  6:35  Hydralisk x4  
  97  6:46  Hatchery  
  96  6:48  Drone  
  96  6:49  Extractor x2, Drone x4  
  99  7:11  Hydralisk x4, Roach x4  
  99  7:12  Hydralisk x5  
  125  7:16  Muscular Augments  
  125  7:40  Zerg Missile Weapons Level 1  
  125  7:41  Zerg Ground Armor Level 1  
  125  7:52  Drone x5  
  125  7:55  Queen, Drone x2  
  125  7:57  Queen  
  136  8:00  Drone  
  136  8:03  Hydralisk x5  
  136  8:04  Hydralisk  
  149  8:05  Overlord x2  
  149  8:06  Overlord x4  
  149  8:08  Overseer  
  149  8:09  Overseer  
  149  8:14  Overlord x2  
  149  8:22  Hydralisk, Infestation Pit  
  149  8:24  Overseer  
  150  8:27  Hydralisk  
  150  8:28  Hydralisk x5  
  150  8:33  Queen  
  164  8:56  Drone x5  
  164  8:57  Drone  
  164  8:58  Queen  
  164  9:02  Extractor  
  171  9:03  Extractor, Drone x5  
  171  9:04  Hydralisk x3, Drone  
  171  9:05  Hydralisk x3  
  171  9:08  Overlord  
  188  9:19  Hydralisk x2  
  188  9:20  Hydralisk x4  
  200  9:28  Hive  
  200  9:36  Zerg Missile Weapons Level 2  
  200  10:32  Zerg Ground Armor Level 2  
  200  11:03  Hydralisk x2  
  200  11:08  Hydralisk x2  
  200  11:28  Pneumatized Carapace  
  200  12:48  Hydralisk  
  200  12:52  Extractor  
  200  12:53  Extractor, Hydralisk  
  200  12:56  Hydralisk x4  
  200  12:57  Hydralisk x4  
  200  12:58  Hydralisk x2  
  200  13:02  Hydralisk x4  
  190  13:07  Hydralisk  
  190  13:08  Hydralisk x3  
  186  13:12  Hydralisk  
  186  13:13  Hydralisk x6  
  186  13:18  Hydralisk  
  196  13:29  Hydralisk x2  
Tags
 
Add a new tag
Caveats
  • Supply blocks, unpowered buildings, or Contaminate may cause inaccurate times.
  • Supply counts are checked every 10 seconds.